AoeStats
← zbtl458613

MegaRandom

508957203Analyzed
4v4 RM · 8d ago on Sep 24, 2026· 39m 56s· 8 players
Game mode
Random Map
Map size
Large (8 player)
Population
200
Speed
Normal
Resources
Standard
Victory
Conquest
Starting age
Dark Age
Ending age
Imperial Age
RankedLock teamsTeams togetherTeam positionsShared explorationLock speedFull tech treeHidden civsTurbo modeCheats
Victory
Defeat
🇷🇺 Mongols · Russia
1814
+3
🇷🇺 Persians · Russia
1766
+4
🇦🇷 Khmer · Argentina
1706
+5
🇺🇸 Danes · United States
1518
+11
🇺🇸 Persians · United States
1505
-8
🇨🇳 Saracens · China
1431
-6
🇨🇦 Malay · Canada
1391
-5
🇺🇸 Sicilians · United States
1363
-4
DarkAgeBoomer
8:11 Loom
9:56 Feudal Age
17:31 Castle Age
15:38 Double-Bit Axe
15:46 Horse Collar
16:27 Arson
23:35 Squires
24:44 Gambesons
25:50 Wheelbarrow
27:10 Scale Mail Armor
27:42 Forging
29:03 Town Watch
30:04 Chain Mail Armor
30:44 Pikeman
36:44 Hand Cart
39:41 Iron Casting
[SotC] Klovn
7:46 Loom
10:30 Feudal Age
11:20 Double-Bit Axe
14:28 Wheelbarrow
16:40 Castle Age
15:57 Scale Barding Armor
16:01 Horse Collar
16:41 Fletching
17:12 Bloodlines
18:43 Husbandry
25:02 Bow Saw
25:01 Fishing Lines
25:52 Heavy Plow
26:50 Forging
27:32 Hand Cart
28:26 Chain Barding Armor
29:31 Gold Mining
30:01 Town Watch
31:48 Iron Casting
33:25 Gold Shaft Mining
35:37 Imperial Age
36:41 Tusk Swords
37:18 Plate Barding Armor
36:05 Elite Battle Elephant
39:30 Blast Furnace
Don_Maximiliano
2:40 Loom
3:30 Loom
10:04 Feudal Age
10:28 Double-Bit Axe
11:31 Fishing Lines
18:20 Castle Age
17:34 Bloodlines
17:30 Scale Barding Armor
17:33 Gold Mining
18:09 Forging
19:23 Wheelbarrow
18:46 Gillnets
19:21 Horse Collar
20:19 Bow Saw
21:00 Husbandry
21:18 Town Watch
23:22 Chain Barding Armor
24:40 Hand Cart
26:02 Iron Casting
30:48 Imperial Age
28:33 Stone Mining
30:33 Cavalier
31:52 Plate Barding Armor
32:17 Gold Shaft Mining
31:42 Heavy Plow
33:22 Two-Man Saw
32:56 Savar
35:05 Blast Furnace
38:25 Crop Rotation
38:06 Fletching
39:18 Chemistry
38:13 Murder Holes
PLEBUSHEK
4:49 Loom
10:41 Feudal Age
11:25 Double-Bit Axe
16:04 Castle Age
14:41 Fishing Lines
16:57 Bow Saw
16:40 Gillnets
19:23 Fletching
19:19 Horse Collar
21:28 Wheelbarrow
22:17 Bodkin Arrow
22:23 Padded Archer Armor
24:07 Gold Mining
26:36 Ballistics
27:45 Leather Archer Armor
27:47 Husbandry
27:58 Bloodlines
32:05 Imperial Age
30:16 Stone Mining
31:10 Thumb Ring
32:03 Hand Cart
32:28 Stone Shaft Mining
33:09 Conscription
32:50 Bracer
34:08 Chemistry
33:57 Heavy Plow
34:06 Siege Engineers
35:30 Parthian Tactics
34:32 Capped Ram
35:45 Elite Mangudai
37:11 Siege Ram
38:40 Drill
买女孩的小火柴
7:25 Loom
9:46 Feudal Age
13:45 Fletching
19:20 Double-Bit Axe
22:44 Fishing Lines
26:15 Castle Age
24:22 Fishing Lines
24:52 Gold Mining
25:25 Padded Archer Armor
26:02 Crossbowman
26:41 Gillnets
27:00 Bodkin Arrow
28:09 Bow Saw
28:29 Thumb Ring
29:03 Ballistics
29:11 Horse Collar
31:30 Heavy Plow
31:59 Town Watch
33:38 Stone Mining
34:33 Wheelbarrow
39:13 Imperial Age
37:06 Hand Cart
38:09 Leather Archer Armor
39:12 Kamandaran
40:37 Chemistry
HilkZ
3:54 Loom
11:07 Feudal Age
10:50 Double-Bit Axe
17:11 Castle Age
15:14 Fishing Lines
15:53 Scale Barding Armor
16:23 Forging
17:13 Bow Saw
17:16 Gillnets
19:59 Wheelbarrow
21:43 Horse Collar
24:20 Town Watch
25:26 Husbandry
25:17 Pikeman
26:57 Gold Mining
27:09 Heavy Plow
27:27 Stone Mining
29:15 Elite Skirmisher
31:13 Gold Shaft Mining
31:27 Hand Cart
31:50 Iron Casting
31:34 Fletching
35:30 Imperial Age
32:41 Crossbowman
33:27 Bodkin Arrow
34:05 Padded Archer Armor
35:36 Ballistics
36:17 Chemistry
34:45 Arbalester
36:20 Thumb Ring
37:17 Bracer
38:14 Leather Archer Armor
38:30 Conscription
Fort
1:54 Loom
12:25 Feudal Age
12:58 Double-Bit Axe
22:24 Castle Age
20:51 Stone Mining
21:13 Fletching
24:49 Bow Saw
30:37 Elite Skirmisher
33:11 Wheelbarrow
34:20 Murder Holes
34:41 Masonry
35:50 Bodkin Arrow
35:56 Padded Archer Armor
zbtl458613
8:16 Loom
10:54 Feudal Age
16:19 Castle Age
15:28 Double-Bit Axe
15:24 Horse Collar
28:58 Forging
28:53 Scale Barding Armor
33:07 Imperial Age
31:16 Wheelbarrow
32:37 Iron Casting
32:22 Chain Barding Armor
34:01 Bow Saw
33:54 Heavy Plow
34:06 Elite Mameluke
35:08 Conscription
35:25 Hand Cart
36:15 Two-Man Saw
38:06 Bloodlines
37:57 Husbandry
37:17 Heavy Camel Rider
Connection lost

Rejoining the realm…

Still unreachable

The connection could not be restored.

Session expired

The server has moved on; the page needs a fresh start.